[ AOE2 MATCH · #477589447 ]
Team RMMaya vs Magyars
[ REPLAY ANALYSIS · EXTRACTED FROM THE RECORDED GAME ]
Feudal
10:35
Castle
24:58
Imperial
56:47
| APM avg | 38.3 |
| APM peak | 79 |
| eAPM avg | 20.2 |
| Villagers / military | 192 / 198 |
Focus
⚔️ 30.7% · 🌾 69.3%
Plumed Archer ×126 · Archer ×47 · Trebuchet (Packed) ×9 · Eagle Scout ×7 · Skirmisher ×5 · Monk ×2
Feudal
9:46
Castle
23:48
Imperial
38:19
| APM avg | 56.1 |
| APM peak | 129 |
| eAPM avg | 31.0 |
| Villagers / military | 139 / 526 |
Focus
⚔️ 56.7% · 🌾 43.3%
Scout Cavalry ×395 · Knight ×130 · Trebuchet (Packed) ×1
Feudal
9:28
Castle
21:45
Imperial
39:20
| APM avg | 49.3 |
| APM peak | 83 |
| eAPM avg | 26.0 |
| Villagers / military | 212 / 434 |
Focus
⚔️ 31.3% · 🌾 68.7%
Knight ×349 · Scout Cavalry ×85
Feudal
9:09
Castle
47:59
Imperial
—
| APM avg | 49.3 |
| APM peak | 131 |
| eAPM avg | 18.4 |
| Villagers / military | 154 / 62 |
Focus
⚔️ 19.4% · 🌾 80.6%
Archer ×37 · Skirmisher ×25
Feudal
9:12
Castle
21:06
Imperial
42:44
| APM avg | 57.7 |
| APM peak | 123 |
| eAPM avg | 21.3 |
| Villagers / military | 121 / 320 |
Focus
⚔️ 51.6% · 🌾 48.4%
Archer ×315 · Bombard Cannon ×4 · Cavalry Archer ×1
Feudal
11:49
Castle
16:29
Imperial
61:56
| APM avg | 37.7 |
| APM peak | 143 |
| eAPM avg | 15.3 |
| Villagers / military | 145 / 58 |
Focus
⚔️ 20.2% · 🌾 79.8%
Knight ×58
Feudal
9:50
Castle
23:53
Imperial
53:32
| APM avg | 45.0 |
| APM peak | 85 |
| eAPM avg | 22.1 |
| Villagers / military | 159 / 442 |
Focus
⚔️ 31.2% · 🌾 68.8%
Knight ×376 · Scout Cavalry ×55 · Militia ×8 · Battering Ram ×3
Feudal
8:45
Castle
24:11
Imperial
39:28
| APM avg | 73.4 |
| APM peak | 117 |
| eAPM avg | 48.3 |
| Villagers / military | 183 / 247 |
Focus
⚔️ 56.9% · 🌾 43.1%
Archer ×189 · Unknown (2586) ×124 · Skirmisher ×17 · Monk ×13 · Mangonel ×9 · Trebuchet (Packed) ×7
Match map
Initial resources + every placement click. Lines = walls · curves = elevation contours. ◆ gold · ⬟ stone · ● berries · ✦ relic · ◌ wall gap
Your base· ✓ Closed at 24:58 · 0t walls · 4 gate(s)
Buhr's base· Open — unwalled flank
[CL] Davidlk1412's base· Open — 7t gap
[CL]TKREnder's base· ✓ Closed at 47:59 · 21t walls · 2 gate(s)
TORA's base· ✓ Closed at 21:06 · 2t walls · 4 gate(s)
[CL] chris-'s base· ✓ Closed at 16:29 · 27t walls · 3 gate(s)
BolaDeMel™'s base· ✓ Closed at 23:53 · 2t walls · 3 gate(s)
[CL] Dubstepyzed's base· Open — 8t gap
Smoothed initial terrain · ◌ = detected wall gap · hover for details
Inputs per minute
— B.Alejandro - - Buhr
Build order — B.Alejandro
First 150 of 550 actions detected
| 0:01 | Create | Villager (Male) ×3 |
| 0:02 | Build | House |
| 0:05 | Research | Loom |
| 0:07 | Build | House |
| 0:12 | Create | Villager (Male) ×3 |
| 1:26 | Create | Villager (Male) |
| 1:26 | Create | Villager (Male) |
| 2:07 | Create | Villager (Male) |
| 2:07 | Create | Villager (Male) |
| 2:07 | Create | Villager (Male) |
| 2:13 | Build | Lumber Camp |
| 2:56 | Create | Villager (Male) |
| 2:56 | Create | Villager (Male) |
| 2:56 | Create | Villager (Male) |
| 3:07 | Create | Villager (Male) |
| 3:07 | Create | Villager (Male) |
| 3:22 | Create | Villager (Male) |
| 3:23 | Create | Villager (Male) |
| 3:44 | Create | Villager (Male) |
| 3:44 | Create | Villager (Male) |
| 3:58 | Build | House |
| 4:01 | Create | Villager (Male) |
| 4:19 | Build | Mill |
| 4:43 | Create | Villager (Male) |
| 4:59 | Create | Villager (Male) |
| 5:29 | Create | Villager (Male) |
| 5:49 | Create | Villager (Male) |
| 6:10 | Create | Villager (Male) |
| 6:18 | Create | Villager (Male) |
| 6:32 | Build | House |
| 7:23 | Create | Villager (Male) |
| 7:56 | Create | Villager (Male) |
| 8:03 | Build | Mining Camp |
| 8:12 | Research | Feudal Age |
| 8:18 | Build | Barracks |
| 9:40 | Build | House |
| 10:16 | Build | House |
| 10:33 | Create | Villager (Male) |
| 10:33 | Create | Villager (Male) |
| 10:35 | Age | Feudal Age |
| 10:37 | Build | Archery Range |
| 11:02 | Build | Lumber Camp |
| 11:04 | Create | Villager (Male) |
| 11:31 | Create | Archer |
| 11:31 | Create | Archer |
| 11:44 | Research | Double-Bit Axe |
| 11:47 | Research | Horse Collar |
| 11:48 | Create | Archer |
| 11:59 | Create | Villager (Male) |
| 11:59 | Create | Villager (Male) |
| 12:11 | Create | Archer |
| 12:29 | Create | Archer |
| 12:41 | Create | Spearman |
| 12:48 | Build | Farm |
| 13:03 | Create | Spearman |
| 13:10 | Create | Villager (Male) |
| 13:12 | Build | Blacksmith |
| 13:14 | Create | Villager (Male) |
| 13:16 | Build | Farm |
| 13:17 | Build | Farm |
| 13:19 | Build | Farm |
| 13:19 | Build | Farm |
| 13:26 | Create | Villager (Male) |
| 13:36 | Build | House |
| 14:05 | Research | Fletching |
| 14:15 | Build | House |
| 14:16 | Create | Villager (Male) |
| 14:18 | Create | Archer |
| 14:37 | Build | Archery Range |
| 14:40 | Create | Villager (Male) |
| 14:51 | Create | Villager (Male) |
| 15:07 | Create | Skirmisher |
| 15:23 | Create | Skirmisher |
| 15:23 | Create | Skirmisher |
| 15:28 | Build | Farm |
| 15:33 | Create | Skirmisher |
| 15:33 | Create | Skirmisher |
| 15:57 | Create | Archer |
| 15:57 | Create | Archer |
| 16:00 | Build | House |
| 16:00 | Create | Villager (Male) |
| 16:01 | Create | Villager (Male) |
| 16:10 | Create | Archer |
| 16:10 | Create | Archer |
| 16:25 | Create | Archer |
| 16:28 | Create | Villager (Male) |
| 16:28 | Create | Villager (Male) |
| 16:30 | Build | Farm |
| 16:33 | Build | Farm |
| 16:34 | Build | House |
| 16:34 | Build | House |
| 16:47 | Create | Archer |
| 16:48 | Create | Archer |
| 16:50 | Create | Villager (Male) |
| 17:13 | Build | Farm |
| 17:16 | Build | Farm |
| 17:19 | Build | Farm |
| 17:23 | Create | Archer |
| 17:23 | Create | Archer |
| 17:25 | Create | Villager (Male) |
| 17:35 | Research | Padded Archer Armor |
| 17:35 | Research | Padded Archer Armor |
| 17:38 | Create | Archer |
| 17:38 | Create | Archer |
| 17:43 | Build | Farm |
| 17:51 | Build | House |
| 17:52 | Build | House |
| 17:54 | Create | Archer |
| 17:54 | Create | Archer |
| 17:58 | Create | Villager (Male) |
| 18:06 | Create | Archer |
| 18:13 | Build | Farm |
| 18:20 | Create | Archer |
| 18:20 | Create | Archer |
| 18:38 | Create | Villager (Male) |
| 18:38 | Create | Villager (Male) |
| 18:57 | Create | Villager (Male) |
| 18:58 | Build | Farm |
| 19:14 | Build | Farm |
| 19:18 | Build | Farm |
| 19:58 | Research | Wheelbarrow |
| 20:06 | Build | House |
| 20:07 | Build | House |
| 21:13 | Build | Market |
| 21:25 | Build | Farm |
| 21:26 | Build | Farm |
| 21:46 | Build | Archery Range |
| 22:01 | Build | Archery Range |
| 22:18 | Research | Castle Age |
| 22:19 | Research | Castle Age |
| 22:35 | Create | Archer |
| 22:35 | Create | Archer |
| 22:35 | Create | Archer |
| 22:46 | Create | Archer |
| 22:47 | Create | Archer |
| 23:10 | Create | Archer |
| 23:10 | Create | Archer |
| 23:10 | Create | Archer |
| 23:18 | Create | Archer |
| 23:18 | Create | Archer |
| 23:44 | Create | Archer |
| 23:44 | Create | Archer |
| 23:59 | Create | Archer |
| 24:00 | Create | Archer |
| 24:04 | Create | Archer |
| 24:04 | Create | Archer |
| 24:08 | Build | House |
| 24:09 | Build | House |
| 24:12 | Build | Palisade Gate |
| 24:14 | Build | House |
Build order — Buhr
First 150 of 600 actions detected
| 0:02 | Create | Villager (Male) ×4 |
| 0:03 | Build | House |
| 0:05 | Build | House |
| 1:25 | Create | Villager (Male) |
| 1:50 | Build | Lumber Camp |
| 1:59 | Create | Villager (Male) |
| 2:31 | Create | Villager (Male) |
| 2:48 | Create | Villager (Male) |
| 3:03 | Create | Villager (Male) |
| 3:38 | Build | House |
| 3:46 | Build | House |
| 3:51 | Create | Villager (Male) |
| 3:51 | Create | Villager (Male) |
| 4:22 | Create | Villager (Male) |
| 4:25 | Create | Villager (Male) |
| 5:06 | Create | Villager (Male) |
| 5:32 | Create | Villager (Male) |
| 5:38 | Build | Mill |
| 5:40 | Create | Villager (Male) |
| 5:57 | Create | Villager (Male) |
| 6:22 | Build | Mill |
| 7:00 | Create | Villager (Male) |
| 7:25 | Create | Villager (Male) |
| 7:35 | Research | Feudal Age |
| 7:35 | Research | Feudal Age |
| 7:50 | Research | Loom |
| 8:11 | Build | Barracks |
| 8:24 | Build | Palisade Gate |
| 9:46 | Age | Feudal Age |
| 9:48 | Build | Stable |
| 9:52 | Research | Double-Bit Axe |
| 9:52 | Research | Double-Bit Axe |
| 10:17 | Create | Villager (Male) |
| 10:17 | Create | Villager (Male) |
| 10:19 | Research | Horse Collar |
| 10:23 | Build | House |
| 10:33 | Create | Scout Cavalry |
| 10:33 | Create | Scout Cavalry |
| 10:49 | Create | Villager (Male) |
| 11:08 | Build | Blacksmith |
| 11:23 | Create | Scout Cavalry |
| 11:23 | Create | Villager (Male) |
| 11:29 | Build | House |
| 11:32 | Create | Scout Cavalry |
| 11:45 | Build | Farm |
| 11:47 | Build | Farm |
| 11:51 | Research | Scale Barding Armor |
| 12:02 | Create | Scout Cavalry |
| 12:13 | Create | Scout Cavalry |
| 12:21 | Build | Farm |
| 12:28 | Build | Palisade Wall |
| 12:30 | Build | Palisade Wall |
| 12:33 | Create | Scout Cavalry |
| 12:41 | Create | Villager (Male) |
| 12:42 | Create | Villager (Male) |
| 12:42 | Create | Villager (Male) |
| 13:12 | Build | Farm |
| 13:14 | Build | Farm |
| 13:14 | Create | Villager (Male) |
| 13:15 | Create | Villager (Male) |
| 13:16 | Build | Farm |
| 13:26 | Build | Farm |
| 13:34 | Build | Farm |
| 13:44 | Create | Scout Cavalry |
| 13:48 | Build | Farm |
| 14:17 | Create | Villager (Male) |
| 14:18 | Create | Villager (Male) |
| 14:19 | Create | Scout Cavalry |
| 14:28 | Build | Farm |
| 14:29 | Build | Farm |
| 14:32 | Build | Farm |
| 14:38 | Create | Scout Cavalry |
| 14:57 | Create | Villager (Male) |
| 14:57 | Create | Scout Cavalry |
| 14:59 | Build | Farm |
| 15:01 | Build | Farm |
| 15:05 | Build | Farm |
| 15:06 | Build | Farm |
| 15:07 | Create | Villager (Male) |
| 15:11 | Build | Farm |
| 15:37 | Create | Villager (Male) |
| 15:37 | Create | Scout Cavalry |
| 15:43 | Build | Mill |
| 15:44 | Build | Farm |
| 15:46 | Create | Villager (Male) |
| 15:57 | Create | Scout Cavalry |
| 16:18 | Create | Scout Cavalry |
| 16:24 | Build | Stable |
| 16:30 | Create | Scout Cavalry |
| 16:53 | Create | Scout Cavalry |
| 16:54 | Create | Villager (Male) |
| 16:54 | Create | Villager (Male) |
| 16:57 | Build | House |
| 16:57 | Build | House |
| 16:57 | Build | House |
| 16:58 | Build | House |
| 17:11 | Build | Farm |
| 17:12 | Build | Farm |
| 17:12 | Build | Farm |
| 17:23 | Build | House |
| 17:27 | Build | Farm |
| 17:34 | Create | Villager (Male) |
| 17:34 | Create | Villager (Male) |
| 18:04 | Build | House |
| 18:22 | Build | Mill |
| 18:27 | Build | Farm |
| 18:27 | Build | Farm |
| 18:58 | Build | Mining Camp |
| 18:59 | Create | Villager (Male) |
| 18:59 | Create | Villager (Male) |
| 19:05 | Build | Lumber Camp |
| 21:08 | Research | Castle Age |
| 21:08 | Research | Castle Age |
| 21:11 | Build | Mining Camp |
| 21:25 | Research | Stone Mining |
| 21:26 | Research | Gold Mining |
| 21:37 | Build | Stable |
| 21:39 | Build | Stable |
| 21:40 | Build | House |
| 22:09 | Research | Forging |
| 23:32 | Create | Villager (Male) |
| 23:32 | Create | Villager (Male) |
| 23:48 | Age | Castle Age |
| 23:51 | Create | Villager (Male) |
| 23:52 | Create | Villager (Male) |
| 24:07 | Create | Villager (Male) |
| 24:08 | Create | Villager (Male) |
| 24:17 | Build | House |
| 24:19 | Build | House |
| 24:28 | Create | Villager (Male) |
| 24:40 | Research | Heavy Plow |
| 24:40 | Research | Bow Saw |
| 24:44 | Research | Wheelbarrow |
| 24:47 | Research | Bloodlines |
| 24:47 | Research | Husbandry |
| 24:50 | Build | Stable |
| 24:53 | Build | Stable |
| 25:19 | Build | Market |
| 25:24 | Build | Market |
| 25:39 | Build | Farm |
| 26:00 | Build | Farm |
| 26:01 | Create | Villager (Male) |
| 26:01 | Create | Villager (Male) |
| 26:02 | Create | Villager (Male) |
| 26:02 | Create | Villager (Male) |
| 26:06 | Build | Castle |
| 26:19 | Research | Chain Barding Armor |
| 26:38 | Build | Town Center |
| 26:50 | Build | Farm |
| 26:51 | Build | Farm |
Build order — [CL] Davidlk1412
First 150 of 708 actions detected
| 0:00 | Create | Villager (Male) |
| 0:01 | Create | Villager (Male) |
| 0:02 | Build | House |
| 0:03 | Build | House |
| 0:10 | Create | Villager (Male) |
| 0:26 | Create | Villager (Male) |
| 1:24 | Create | Villager (Male) |
| 1:59 | Build | Lumber Camp |
| 2:01 | Create | Villager (Male) |
| 2:20 | Create | Villager (Male) |
| 2:44 | Create | Villager (Male) |
| 3:11 | Create | Villager (Male) |
| 3:28 | Build | House |
| 3:33 | Create | Villager (Male) |
| 4:01 | Research | Double-Bit Axe |
| 4:06 | Build | House |
| 4:13 | Research | Loom |
| 4:15 | Create | Villager (Male) |
| 4:39 | Create | Villager (Male) |
| 5:02 | Build | Mill |
| 5:06 | Create | Villager (Male) |
| 5:07 | Create | Villager (Male) |
| 5:37 | Create | Villager (Male) |
| 6:12 | Create | Villager (Male) |
| 6:32 | Build | Mill |
| 6:47 | Research | Loom |
| 7:18 | Research | Feudal Age |
| 8:14 | Build | Barracks |
| 8:17 | Build | Barracks |
| 8:20 | Build | Barracks |
| 8:26 | Build | House |
| 8:39 | Create | Villager (Male) |
| 9:28 | Age | Feudal Age |
| 9:33 | Build | Stable |
| 9:41 | Create | Villager (Male) |
| 10:06 | Research | Bow Saw |
| 10:14 | Create | Villager (Male) |
| 10:16 | Create | Scout Cavalry |
| 10:16 | Create | Scout Cavalry |
| 10:20 | Build | Palisade Wall |
| 10:32 | Create | Villager (Male) |
| 10:33 | Create | Scout Cavalry |
| 10:41 | Create | Villager (Male) |
| 10:43 | Build | Farm |
| 10:44 | Build | Farm |
| 11:00 | Research | Horse Collar |
| 11:06 | Create | Scout Cavalry |
| 11:14 | Build | Farm |
| 11:29 | Create | Villager (Male) |
| 11:31 | Build | Farm |
| 11:44 | Build | Farm |
| 11:44 | Build | Farm |
| 11:47 | Build | Farm |
| 11:47 | Build | Farm |
| 11:55 | Create | Villager (Male) |
| 12:00 | Build | Farm |
| 12:18 | Create | Villager (Male) |
| 12:21 | Build | House |
| 12:30 | Build | Farm |
| 12:30 | Build | Farm |
| 12:37 | Create | Villager (Male) |
| 12:46 | Build | Farm |
| 13:00 | Build | Farm |
| 13:02 | Build | House |
| 13:07 | Create | Scout Cavalry |
| 13:11 | Create | Villager (Male) |
| 13:18 | Build | Farm |
| 13:24 | Build | Farm |
| 13:26 | Build | House |
| 13:30 | Create | Scout Cavalry |
| 13:31 | Create | Villager (Male) |
| 13:34 | Build | Farm |
| 13:51 | Create | Villager (Male) |
| 14:08 | Create | Scout Cavalry |
| 14:18 | Build | Farm |
| 14:18 | Build | Farm |
| 14:19 | Build | Farm |
| 14:19 | Build | Farm |
| 14:19 | Build | Farm |
| 14:25 | Create | Villager (Male) |
| 14:37 | Create | Scout Cavalry |
| 14:37 | Create | Villager (Male) |
| 14:49 | Create | Villager (Male) |
| 14:58 | Build | House |
| 15:04 | Build | Farm |
| 15:07 | Build | Farm |
| 15:08 | Build | Farm |
| 15:17 | Create | Villager (Male) |
| 15:31 | Create | Villager (Male) |
| 15:36 | Build | Mining Camp |
| 15:52 | Create | Villager (Male) |
| 16:05 | Create | Villager (Male) |
| 16:23 | Create | Villager (Male) |
| 16:27 | Research | Gold Mining |
| 17:12 | Research | Wheelbarrow |
| 17:25 | Build | Lumber Camp |
| 17:39 | Research | Gold Shaft Mining |
| 17:59 | Research | Heavy Plow |
| 18:30 | Create | Villager (Male) |
| 18:31 | Build | Blacksmith |
| 19:05 | Research | Castle Age |
| 19:05 | Research | Castle Age |
| 19:37 | Build | Stable |
| 19:40 | Research | Scale Barding Armor |
| 19:41 | Research | Scale Barding Armor |
| 19:41 | Research | Forging |
| 19:42 | Research | Forging |
| 20:02 | Build | Mining Camp |
| 20:27 | Build | House |
| 20:52 | Build | Stable |
| 21:10 | Create | Villager (Male) |
| 21:35 | Build | House |
| 21:38 | Build | House |
| 21:45 | Age | Castle Age |
| 21:48 | Research | Cavalier (upgrade) |
| 21:49 | Create | Knight ×5 |
| 21:50 | Research | Chain Barding Armor |
| 21:56 | Build | Town Center |
| 22:00 | Research | Husbandry |
| 22:00 | Research | Husbandry |
| 22:14 | Create | Villager (Male) |
| 22:17 | Create | Villager (Male) |
| 22:17 | Create | Villager (Male) |
| 22:30 | Create | Knight |
| 22:35 | Build | House |
| 22:38 | Build | House |
| 22:40 | Build | House |
| 22:44 | Build | Palisade Wall |
| 22:45 | Build | Palisade Wall |
| 22:50 | Create | Villager (Male) |
| 22:57 | Create | Knight |
| 22:59 | Create | Knight |
| 23:06 | Create | Knight |
| 23:06 | Create | Knight |
| 23:06 | Create | Villager (Male) |
| 23:08 | Create | Villager (Male) |
| 23:11 | Build | House |
| 23:16 | Create | Knight |
| 23:27 | Create | Knight |
| 23:27 | Create | Villager (Male) |
| 23:38 | Build | Palisade Gate |
| 23:45 | Create | Knight |
| 23:47 | Create | Villager (Male) |
| 23:51 | Create | Knight |
| 23:58 | Create | Villager (Male) |
| 24:10 | Create | Villager (Male) |
| 24:11 | Create | Knight |
| 24:16 | Build | Farm |
| 24:16 | Build | Farm |
| 24:17 | Build | Farm |
Build order — [CL]TKREnder
First 150 of 368 actions detected
| 0:02 | Build | House |
| 0:03 | Build | House |
| 0:04 | Build | House |
| 0:11 | Create | Villager (Male) |
| 0:11 | Create | Villager (Male) |
| 0:11 | Create | Villager (Male) |
| 0:12 | Create | Villager (Male) |
| 0:12 | Create | Villager (Male) |
| 0:14 | Research | Loom |
| 0:14 | Research | Loom |
| 0:17 | Create | Villager (Male) |
| 0:34 | Create | Villager (Male) |
| 0:34 | Create | Villager (Male) |
| 1:37 | Create | Villager (Male) |
| 2:05 | Build | Lumber Camp |
| 2:14 | Create | Villager (Male) |
| 2:36 | Create | Villager (Male) |
| 3:15 | Create | Villager (Male) |
| 3:33 | Create | Villager (Male) |
| 4:13 | Create | Villager (Male) |
| 4:14 | Create | Villager (Male) |
| 4:52 | Create | Villager (Male) |
| 5:14 | Create | Villager (Male) |
| 5:26 | Create | Villager (Male) |
| 5:34 | Build | Mill |
| 6:19 | Build | House |
| 6:20 | Build | Palisade Wall |
| 6:32 | Create | Villager (Male) |
| 6:59 | Research | Feudal Age |
| 7:25 | Build | Mining Camp |
| 8:21 | Build | House |
| 9:02 | Create | Villager (Male) |
| 9:09 | Age | Feudal Age |
| 9:13 | Build | Mill |
| 9:16 | Build | Barracks |
| 9:25 | Create | Villager (Male) |
| 9:46 | Create | Villager (Male) |
| 10:01 | Build | Archery Range |
| 10:04 | Create | Villager (Male) |
| 10:15 | Create | Villager (Male) |
| 10:21 | Build | Archery Range |
| 10:31 | Create | Villager (Male) |
| 10:35 | Build | House |
| 10:59 | Create | Archer |
| 11:00 | Create | Archer |
| 11:18 | Create | Archer |
| 11:18 | Create | Archer |
| 11:20 | Create | Villager (Male) |
| 11:25 | Build | Blacksmith |
| 11:43 | Build | Palisade Wall |
| 11:52 | Create | Archer |
| 11:52 | Create | Archer |
| 11:55 | Build | House |
| 11:56 | Build | House |
| 12:03 | Research | Fletching |
| 12:03 | Research | Fletching |
| 12:33 | Build | House |
| 12:34 | Create | Villager (Male) |
| 12:49 | Create | Archer |
| 12:49 | Create | Archer |
| 12:54 | Build | House |
| 12:58 | Build | Watch Tower |
| 14:06 | Create | Archer |
| 14:06 | Create | Archer |
| 14:09 | Create | Villager (Male) |
| 14:15 | Build | House |
| 14:16 | Build | House |
| 14:35 | Build | Farm |
| 14:37 | Build | Farm |
| 14:40 | Create | Archer |
| 15:03 | Build | Farm |
| 15:05 | Create | Archer |
| 15:25 | Build | House |
| 15:26 | Build | House |
| 15:48 | Create | Villager (Male) |
| 16:19 | Create | Archer |
| 16:19 | Create | Archer |
| 16:21 | Create | Villager (Male) |
| 16:57 | Create | Villager (Male) |
| 16:58 | Create | Villager (Male) |
| 17:01 | Build | Farm |
| 17:02 | Create | Archer |
| 17:03 | Create | Archer |
| 17:19 | Create | Archer |
| 17:19 | Create | Archer |
| 17:27 | Build | Farm |
| 17:37 | Create | Archer |
| 17:37 | Create | Archer |
| 17:39 | Create | Villager (Male) |
| 17:41 | Build | Farm |
| 17:54 | Build | Farm |
| 17:58 | Create | Archer |
| 17:58 | Create | Archer |
| 18:17 | Create | Villager (Male) |
| 18:24 | Build | Farm |
| 18:26 | Create | Archer |
| 18:27 | Create | Archer |
| 18:40 | Create | Villager (Male) |
| 18:45 | Build | Farm |
| 19:02 | Create | Villager (Male) |
| 19:16 | Create | Villager (Male) |
| 19:18 | Build | Farm |
| 19:30 | Create | Archer |
| 19:30 | Create | Archer |
| 20:06 | Research | Padded Archer Armor |
| 20:19 | Create | Villager (Male) |
| 20:27 | Create | Archer |
| 20:27 | Create | Archer |
| 20:33 | Create | Villager (Male) |
| 20:45 | Create | Archer |
| 20:46 | Create | Archer |
| 20:47 | Create | Villager (Male) |
| 20:50 | Build | Farm |
| 21:12 | Create | Villager (Male) |
| 21:21 | Build | Farm |
| 21:33 | Create | Archer |
| 21:34 | Create | Archer |
| 21:36 | Create | Villager (Male) |
| 22:19 | Create | Villager (Male) |
| 22:28 | Create | Villager (Male) |
| 22:31 | Build | House |
| 22:35 | Build | Palisade Wall |
| 22:41 | Create | Villager (Male) |
| 22:56 | Create | Villager (Male) |
| 23:27 | Create | Archer |
| 23:27 | Create | Archer |
| 23:31 | Create | Villager (Male) |
| 23:44 | Create | Villager (Male) |
| 23:54 | Build | Farm |
| 24:03 | Build | Farm |
| 24:09 | Build | Farm |
| 24:11 | Build | Farm |
| 24:22 | Create | Villager (Male) |
| 24:40 | Create | Archer |
| 25:52 | Create | Villager (Male) |
| 26:10 | Create | Villager (Male) |
| 26:33 | Create | Villager (Male) |
| 26:37 | Build | Farm |
| 26:39 | Build | Farm |
| 26:45 | Create | Archer |
| 26:45 | Create | Archer |
| 27:06 | Build | Mill |
| 27:07 | Build | Farm |
| 27:07 | Build | Farm |
| 27:07 | Build | Farm |
| 27:15 | Create | Villager (Male) |
| 27:40 | Create | Villager (Male) |
| 27:55 | Create | Villager (Male) |
| 28:13 | Create | Villager (Male) |
| 28:41 | Build | Farm |
Build order — TORA
First 150 of 579 actions detected
| 0:00 | Create | Villager (Male) |
| 0:01 | Create | Villager (Male) |
| 0:01 | Create | Villager (Male) |
| 0:01 | Create | Villager (Male) |
| 0:04 | Build | House |
| 0:06 | Build | House |
| 1:22 | Create | Villager (Male) |
| 1:39 | Create | Villager (Male) |
| 1:39 | Create | Villager (Male) |
| 1:55 | Build | Lumber Camp |
| 2:09 | Create | Villager (Male) |
| 2:48 | Create | Villager (Male) |
| 3:17 | Create | Villager (Male) |
| 3:48 | Build | House |
| 3:50 | Create | Villager (Male) |
| 4:06 | Create | Villager (Male) |
| 4:41 | Create | Villager (Male) |
| 5:00 | Create | Villager (Male) |
| 5:09 | Build | Mining Camp |
| 5:31 | Create | Villager (Male) |
| 6:13 | Create | Villager (Male) |
| 6:17 | Research | Loom |
| 7:02 | Research | Feudal Age |
| 7:37 | Build | Barracks |
| 8:08 | Build | House |
| 9:12 | Age | Feudal Age |
| 9:18 | Build | Archery Range |
| 9:20 | Build | Archery Range |
| 9:41 | Create | Villager (Male) |
| 9:48 | Build | House |
| 9:50 | Build | Palisade Wall |
| 9:57 | Build | Blacksmith |
| 9:58 | Create | Villager (Male) |
| 10:14 | Create | Archer |
| 10:14 | Create | Archer |
| 10:18 | Create | Archer |
| 10:34 | Create | Villager (Male) |
| 10:35 | Create | Villager (Male) |
| 11:01 | Build | House |
| 11:03 | Build | House |
| 11:04 | Build | House |
| 11:06 | Build | Palisade Wall |
| 11:13 | Create | Archer |
| 11:21 | Research | Fletching |
| 11:53 | Create | Archer |
| 11:53 | Create | Archer |
| 12:29 | Create | Archer |
| 12:29 | Create | Archer |
| 12:44 | Create | Archer |
| 13:09 | Create | Archer |
| 13:21 | Create | Archer |
| 13:29 | Create | Villager (Male) |
| 13:29 | Create | Villager (Male) |
| 13:34 | Build | Mill |
| 13:49 | Create | Archer |
| 14:20 | Create | Archer |
| 14:20 | Create | Archer |
| 14:20 | Create | Archer |
| 14:54 | Create | Archer |
| 14:59 | Create | Villager (Male) |
| 15:24 | Build | Market |
| 15:25 | Build | House |
| 15:26 | Build | House |
| 15:29 | Create | Archer |
| 15:29 | Create | Archer |
| 15:46 | Create | Archer |
| 15:46 | Create | Archer |
| 16:19 | Create | Archer |
| 16:19 | Create | Archer |
| 16:19 | Create | Villager (Male) |
| 16:19 | Create | Villager (Male) |
| 16:20 | Create | Villager (Male) |
| 16:20 | Create | Villager (Male) |
| 16:43 | Create | Archer |
| 16:44 | Create | Archer |
| 17:00 | Create | Villager (Male) |
| 17:18 | Create | Archer |
| 17:21 | Create | Villager (Male) |
| 17:21 | Create | Villager (Male) |
| 17:28 | Create | Archer |
| 17:28 | Create | Archer |
| 17:38 | Create | Villager (Male) |
| 18:26 | Research | Castle Age |
| 18:41 | Create | Archer |
| 18:41 | Create | Archer |
| 18:47 | Build | Palisade Gate |
| 18:50 | Build | House |
| 18:55 | Create | Villager (Male) |
| 19:22 | Create | Archer |
| 19:22 | Create | Archer |
| 19:23 | Create | Villager (Male) |
| 19:33 | Create | Archer |
| 19:33 | Create | Archer |
| 19:58 | Create | Archer |
| 20:01 | Research | Padded Archer Armor |
| 20:11 | Build | Lumber Camp |
| 20:23 | Create | Archer |
| 20:23 | Create | Archer |
| 20:37 | Build | House |
| 21:00 | Build | House |
| 21:06 | Age | Castle Age |
| 21:11 | Research | Bodkin Arrow |
| 21:11 | Research | Bodkin Arrow |
| 21:39 | Research | Crossbowman (upgrade) |
| 22:28 | Create | Villager (Male) |
| 22:28 | Create | Villager (Male) |
| 22:35 | Build | University |
| 22:40 | Create | Archer |
| 22:45 | Create | Archer |
| 22:45 | Create | Archer |
| 22:45 | Create | Villager (Male) |
| 22:57 | Create | Archer |
| 23:14 | Create | Archer |
| 23:14 | Create | Archer |
| 23:36 | Create | Villager (Male) |
| 24:06 | Create | Archer |
| 24:06 | Create | Archer |
| 24:06 | Create | Archer |
| 24:14 | Build | Lumber Camp |
| 24:23 | Research | Ballistics |
| 24:25 | Create | Villager (Male) |
| 24:33 | Create | Archer |
| 24:50 | Create | Archer |
| 25:40 | Create | Villager (Male) |
| 25:41 | Create | Villager (Male) |
| 25:42 | Create | Archer |
| 25:42 | Create | Archer |
| 25:42 | Create | Archer |
| 25:42 | Create | Archer |
| 26:04 | Build | Farm |
| 26:05 | Build | Farm |
| 26:05 | Build | Farm |
| 26:05 | Build | Farm |
| 26:05 | Build | Farm |
| 26:05 | Build | Farm |
| 26:06 | Build | Farm |
| 27:05 | Create | Archer |
| 27:05 | Create | Archer |
| 27:06 | Create | Villager (Male) |
| 27:08 | Build | Archery Range |
| 27:12 | Create | Archer |
| 27:12 | Create | Archer |
| 27:18 | Build | Farm |
| 27:24 | Build | Farm |
| 27:31 | Build | Archery Range |
| 27:36 | Create | Archer |
| 27:36 | Create | Archer |
| 28:01 | Create | Archer |
| 28:02 | Create | Archer |
| 28:03 | Create | Villager (Male) |
Build order — [CL] chris-
First 150 of 388 actions detected
| 0:01 | Create | Villager (Male) |
| 0:01 | Create | Villager (Male) |
| 0:02 | Create | Villager (Male) |
| 0:02 | Build | House |
| 0:04 | Build | House |
| 0:16 | Create | Villager (Male) |
| 0:16 | Create | Villager (Male) |
| 1:32 | Create | Villager (Male) |
| 1:33 | Create | Villager (Male) |
| 1:51 | Build | Lumber Camp |
| 2:01 | Create | Villager (Male) |
| 2:01 | Create | Villager (Male) |
| 2:32 | Create | Villager (Male) |
| 2:32 | Create | Villager (Male) |
| 2:32 | Create | Villager (Male) |
| 3:03 | Create | Villager (Male) |
| 3:51 | Create | Villager (Male) |
| 4:02 | Build | House |
| 4:08 | Create | Villager (Male) |
| 4:08 | Create | Villager (Male) |
| 4:33 | Build | Mill |
| 4:37 | Create | Villager (Male) |
| 4:37 | Create | Villager (Male) |
| 5:36 | Create | Villager (Male) |
| 5:36 | Create | Villager (Male) |
| 6:19 | Build | House |
| 6:44 | Create | Villager (Male) |
| 6:44 | Create | Villager (Male) |
| 6:44 | Create | Villager (Male) |
| 6:45 | Create | Villager (Male) |
| 7:46 | Create | Villager (Male) |
| 8:12 | Build | Farm |
| 8:12 | Build | House |
| 8:19 | Create | Villager (Male) |
| 8:31 | Build | Mining Camp |
| 9:14 | Create | Villager (Male) |
| 9:17 | Build | Farm |
| 9:20 | Research | Feudal Age |
| 9:25 | Build | Mill |
| 9:58 | Build | Palisade Wall |
| 10:28 | Build | Farm |
| 10:28 | Build | Farm |
| 10:53 | Build | Farm |
| 11:00 | Build | Farm |
| 11:23 | Build | Palisade Wall |
| 11:33 | Build | Farm |
| 11:34 | Create | Villager (Male) |
| 11:34 | Research | Loom |
| 11:37 | Build | Farm |
| 11:49 | Age | Feudal Age |
| 11:57 | Build | Market |
| 12:02 | Create | Villager (Male) |
| 12:13 | Build | Blacksmith |
| 13:24 | Create | Villager (Male) |
| 13:24 | Create | Villager (Male) |
| 13:29 | Build | House |
| 13:30 | Build | House |
| 13:44 | Research | Castle Age |
| 14:05 | Build | Barracks |
| 15:04 | Build | Stable |
| 15:08 | Build | House |
| 15:08 | Build | House |
| 15:18 | Build | House |
| 15:19 | Build | House |
| 15:28 | Research | Gold Mining |
| 15:51 | Research | Bloodlines |
| 15:54 | Research | Scale Barding Armor |
| 16:29 | Age | Castle Age |
| 16:34 | Create | Knight |
| 16:35 | Create | Knight |
| 16:37 | Create | Knight |
| 16:49 | Build | Stable |
| 16:54 | Create | Villager (Male) |
| 17:33 | Create | Villager (Male) |
| 17:58 | Create | Knight |
| 17:58 | Create | Knight |
| 17:59 | Create | Knight |
| 18:31 | Create | Knight |
| 18:32 | Create | Knight |
| 19:16 | Create | Knight |
| 19:18 | Create | Knight |
| 19:38 | Build | Town Center |
| 19:40 | Create | Villager (Male) |
| 19:44 | Create | Knight |
| 20:04 | Create | Knight |
| 20:12 | Build | House |
| 20:48 | Research | Husbandry |
| 20:56 | Build | Farm |
| 20:57 | Create | Villager (Male) |
| 21:32 | Create | Villager (Male) |
| 21:32 | Create | Villager (Male) |
| 22:01 | Build | Town Center |
| 22:43 | Build | Farm |
| 22:44 | Build | Farm |
| 22:46 | Research | Chain Barding Armor |
| 23:05 | Create | Knight |
| 23:53 | Create | Knight |
| 23:53 | Create | Knight |
| 23:55 | Build | Farm |
| 23:56 | Build | Farm |
| 23:57 | Build | Farm |
| 24:22 | Create | Villager (Male) |
| 24:23 | Create | Villager (Male) |
| 24:24 | Create | Villager (Male) |
| 24:27 | Build | Farm |
| 24:32 | Build | Farm |
| 24:33 | Build | Farm |
| 24:33 | Build | Farm |
| 24:36 | Build | Farm |
| 25:02 | Create | Knight |
| 25:03 | Create | Knight |
| 26:28 | Create | Knight |
| 26:28 | Create | Knight |
| 26:29 | Create | Knight |
| 26:29 | Create | Knight |
| 26:40 | Create | Villager (Male) |
| 26:41 | Create | Villager (Male) |
| 26:42 | Create | Villager (Male) |
| 26:44 | Create | Knight |
| 26:46 | Create | Knight |
| 26:49 | Build | Stable |
| 27:12 | Create | Villager (Male) |
| 27:13 | Create | Villager (Male) |
| 27:19 | Create | Villager (Male) |
| 27:48 | Build | House |
| 27:49 | Build | House |
| 27:50 | Build | House |
| 27:51 | Create | Knight |
| 27:53 | Create | Knight |
| 27:54 | Create | Knight |
| 27:55 | Create | Knight |
| 27:55 | Create | Knight |
| 28:23 | Create | Knight |
| 28:23 | Create | Knight |
| 28:25 | Create | Villager (Male) |
| 28:26 | Create | Villager (Male) |
| 28:32 | Build | Farm |
| 28:33 | Build | Farm |
| 28:40 | Build | Farm |
| 28:40 | Build | Farm |
| 28:41 | Build | Farm |
| 28:42 | Build | Farm |
| 28:48 | Create | Knight |
| 29:06 | Create | Knight |
| 30:00 | Create | Knight |
| 30:00 | Create | Knight |
| 30:00 | Create | Knight |
| 30:01 | Create | Knight |
| 31:16 | Create | Knight |
| 31:16 | Create | Knight |
Build order — BolaDeMel™
First 150 of 499 actions detected
| 0:00 | Create | Villager (Male) |
| 0:01 | Create | Villager (Male) |
| 0:01 | Create | Villager (Male) |
| 0:02 | Build | House |
| 0:04 | Build | House |
| 0:46 | Create | Villager (Male) |
| 0:47 | Create | Villager (Male) |
| 1:24 | Create | Villager (Male) |
| 1:55 | Build | Lumber Camp |
| 1:57 | Create | Villager (Male) |
| 1:58 | Create | Villager (Male) |
| 2:15 | Create | Villager (Male) |
| 2:16 | Create | Villager (Male) |
| 2:49 | Create | Villager (Male) |
| 2:49 | Create | Villager (Male) |
| 3:15 | Create | Villager (Male) |
| 3:15 | Create | Villager (Male) |
| 3:26 | Create | Villager (Male) |
| 3:56 | Create | Villager (Male) |
| 4:08 | Build | House |
| 4:35 | Create | Villager (Male) |
| 4:49 | Create | Villager (Male) |
| 5:10 | Build | Barracks |
| 5:23 | Create | Villager (Male) |
| 5:54 | Create | Villager (Male) |
| 6:16 | Create | Villager (Male) |
| 6:29 | Build | Mill |
| 6:34 | Research | Loom |
| 7:15 | Create | Villager (Male) |
| 7:40 | Research | Feudal Age |
| 7:44 | Build | House |
| 8:30 | Create | Militia |
| 8:30 | Create | Militia |
| 8:30 | Create | Militia |
| 8:52 | Create | Militia |
| 9:01 | Create | Militia |
| 9:01 | Create | Militia |
| 9:39 | Create | Villager (Male) |
| 9:50 | Create | Militia |
| 9:50 | Age | Feudal Age |
| 10:13 | Create | Villager (Male) |
| 10:20 | Build | Farm |
| 10:24 | Build | Farm |
| 10:25 | Build | Farm |
| 10:43 | Create | Villager (Male) |
| 10:44 | Create | Militia |
| 10:55 | Build | House |
| 11:12 | Research | Man-at-Arms (upgrade) |
| 11:27 | Build | House |
| 11:36 | Build | Stable |
| 11:49 | Create | Villager (Male) |
| 11:56 | Research | Horse Collar |
| 11:57 | Research | Double-Bit Axe |
| 12:14 | Create | Villager (Male) |
| 12:30 | Build | Farm |
| 12:34 | Create | Villager (Male) |
| 12:51 | Create | Scout Cavalry |
| 12:52 | Create | Scout Cavalry |
| 12:59 | Build | House |
| 13:04 | Build | Farm |
| 13:05 | Build | Farm |
| 13:06 | Build | Farm |
| 13:13 | Create | Villager (Male) |
| 13:35 | Create | Scout Cavalry |
| 13:39 | Build | House |
| 13:40 | Create | Villager (Male) |
| 14:03 | Create | Scout Cavalry |
| 14:14 | Build | Farm |
| 14:18 | Build | Farm |
| 14:21 | Build | Farm |
| 14:22 | Create | Scout Cavalry |
| 14:35 | Create | Villager (Male) |
| 14:40 | Build | Farm |
| 14:42 | Build | Farm |
| 15:02 | Create | Villager (Male) |
| 15:05 | Build | Farm |
| 15:36 | Create | Scout Cavalry |
| 15:42 | Build | Blacksmith |
| 15:43 | Create | Villager (Male) |
| 16:00 | Create | Villager (Male) |
| 16:15 | Create | Scout Cavalry |
| 16:19 | Build | Farm |
| 16:24 | Build | Stable |
| 16:43 | Create | Villager (Male) |
| 16:57 | Create | Scout Cavalry |
| 17:00 | Build | Farm |
| 17:02 | Create | Villager (Male) |
| 17:24 | Build | Mining Camp |
| 17:29 | Build | Market |
| 17:31 | Research | Bloodlines |
| 17:33 | Create | Villager (Male) |
| 17:35 | Research | Scale Barding Armor |
| 17:58 | Create | Scout Cavalry |
| 17:59 | Create | Villager (Male) |
| 18:17 | Create | Villager (Male) |
| 18:24 | Create | Scout Cavalry |
| 18:36 | Build | Stable |
| 18:44 | Research | Wheelbarrow |
| 19:07 | Build | Lumber Camp |
| 19:37 | Build | House |
| 19:39 | Build | House |
| 19:49 | Create | Villager (Male) |
| 20:24 | Build | Farm |
| 20:25 | Build | Farm |
| 20:25 | Build | Farm |
| 20:29 | Build | House |
| 20:37 | Create | Villager (Male) |
| 21:13 | Research | Castle Age |
| 21:17 | Build | House |
| 21:18 | Build | Palisade Wall |
| 21:27 | Create | Scout Cavalry |
| 21:28 | Create | Scout Cavalry |
| 22:00 | Build | House |
| 22:01 | Create | Scout Cavalry |
| 22:01 | Create | Scout Cavalry |
| 22:29 | Create | Scout Cavalry |
| 22:29 | Create | Scout Cavalry |
| 22:39 | Create | Scout Cavalry |
| 22:39 | Create | Scout Cavalry |
| 22:50 | Build | Palisade Gate |
| 23:30 | Build | House |
| 23:53 | Create | Villager (Male) |
| 23:53 | Age | Castle Age |
| 23:58 | Research | Chain Barding Armor |
| 24:01 | Create | Knight ×3 |
| 24:01 | Create | Knight ×3 |
| 24:09 | Research | Light Cavalry (upgrade) |
| 24:17 | Build | Town Center |
| 24:22 | Build | Town Center |
| 24:28 | Research | Heavy Plow |
| 24:54 | Create | Knight ×2 |
| 25:19 | Create | Knight ×2 |
| 25:19 | Create | Knight ×2 |
| 25:20 | Create | Villager (Male) |
| 25:20 | Create | Villager (Male) |
| 25:21 | Create | Villager (Male) |
| 25:48 | Create | Knight |
| 25:48 | Create | Knight |
| 25:49 | Create | Villager (Male) |
| 26:07 | Build | Farm |
| 26:08 | Build | Farm |
| 26:08 | Build | Farm |
| 26:08 | Build | Farm |
| 26:09 | Build | Farm |
| 26:20 | Create | Knight ×2 |
| 26:20 | Create | Knight ×2 |
| 26:27 | Create | Villager (Male) |
| 26:27 | Create | Villager (Male) |
| 26:28 | Create | Villager (Male) |
| 26:45 | Create | Villager (Male) |
Build order — [CL] Dubstepyzed
First 150 of 876 actions detected
| 0:01 | Create | Villager (Male) |
| 0:02 | Create | Villager (Male) |
| 0:02 | Build | House |
| 0:03 | Build | House |
| 0:09 | Create | Villager (Male) |
| 0:09 | Create | Villager (Male) |
| 1:10 | Create | Villager (Male) |
| 1:10 | Create | Villager (Male) |
| 2:03 | Create | Villager (Male) |
| 2:03 | Create | Villager (Male) |
| 2:21 | Build | Settlement |
| 2:26 | Create | Villager (Male) |
| 2:37 | Create | Villager (Male) |
| 2:37 | Create | Villager (Male) |
| 3:08 | Create | Villager (Male) |
| 3:09 | Create | Villager (Male) |
| 3:15 | Create | Villager (Male) |
| 3:15 | Create | Villager (Male) |
| 3:55 | Create | Villager (Male) |
| 3:56 | Create | Villager (Male) |
| 4:19 | Create | Villager (Male) |
| 4:23 | Create | Villager (Male) |
| 4:23 | Create | Villager (Male) |
| 4:39 | Build | Settlement |
| 4:57 | Create | Villager (Male) |
| 4:57 | Create | Villager (Male) |
| 5:07 | Create | Villager (Male) |
| 5:07 | Create | Villager (Male) |
| 5:07 | Create | Villager (Male) |
| 5:37 | Research | Loom |
| 6:35 | Research | Feudal Age |
| 6:35 | Research | Feudal Age |
| 7:13 | Build | Barracks |
| 7:20 | Build | House |
| 7:21 | Build | Barracks |
| 8:21 | Create | Villager (Male) |
| 8:45 | Age | Feudal Age |
| 8:46 | Build | Archery Range |
| 8:51 | Build | Archery Range |
| 8:59 | Research | Double-Bit Axe |
| 8:59 | Research | Double-Bit Axe |
| 9:04 | Create | Villager (Male) |
| 9:19 | Create | Villager (Male) |
| 9:42 | Build | House |
| 9:44 | Create | Archer |
| 10:00 | Create | Villager (Male) |
| 10:07 | Create | Archer |
| 10:17 | Create | Villager (Male) |
| 10:28 | Create | Archer |
| 10:30 | Create | Villager (Male) |
| 10:34 | Build | House |
| 11:01 | Create | Archer |
| 11:03 | Create | Villager (Male) |
| 11:06 | Build | Blacksmith |
| 11:38 | Create | Archer |
| 11:41 | Create | Villager (Male) |
| 11:46 | Build | Settlement |
| 11:53 | Create | Archer |
| 11:58 | Build | Palisade Wall |
| 12:09 | Create | Archer |
| 12:10 | Create | Villager (Male) |
| 12:24 | Research | Fletching |
| 12:32 | Create | Archer |
| 12:41 | Create | Archer |
| 12:46 | Build | Palisade Wall |
| 12:47 | Build | House |
| 13:00 | Create | Villager (Male) |
| 13:06 | Build | Farm |
| 13:09 | Create | Archer |
| 13:12 | Build | Farm |
| 13:13 | Create | Villager (Male) |
| 13:13 | Create | Villager (Male) |
| 13:21 | Create | Archer |
| 13:26 | Build | Palisade Wall |
| 13:27 | Build | Palisade Wall |
| 13:34 | Create | Archer |
| 13:52 | Build | Farm |
| 14:02 | Create | Villager (Male) |
| 14:05 | Build | Palisade Wall |
| 14:19 | Create | Archer |
| 14:25 | Build | Palisade Gate |
| 14:30 | Create | Villager (Male) |
| 14:35 | Build | Farm |
| 14:39 | Build | Settlement |
| 14:48 | Build | Palisade Wall |
| 14:52 | Create | Villager (Male) |
| 14:52 | Create | Villager (Male) |
| 15:06 | Build | Farm |
| 15:13 | Create | Archer |
| 15:24 | Create | Villager (Male) |
| 15:29 | Create | Archer |
| 15:31 | Create | Archer |
| 15:34 | Create | Villager (Male) |
| 15:40 | Build | Farm |
| 15:49 | Build | Farm |
| 15:52 | Create | Villager (Male) |
| 15:52 | Create | Villager (Male) |
| 16:00 | Create | Archer |
| 16:09 | Build | Farm |
| 16:25 | Research | Padded Archer Armor |
| 16:25 | Create | Archer |
| 16:25 | Create | Archer |
| 16:44 | Create | Villager (Male) |
| 16:47 | Build | Farm |
| 16:59 | Build | House |
| 17:02 | Create | Villager (Male) |
| 17:11 | Build | House |
| 17:13 | Build | Palisade Wall |
| 17:14 | Build | Palisade Wall |
| 17:15 | Build | Palisade Wall |
| 17:20 | Research | Horse Collar |
| 17:35 | Create | Archer |
| 17:37 | Create | Villager (Male) |
| 17:37 | Create | Archer |
| 17:37 | Create | Archer |
| 17:39 | Build | Farm |
| 18:01 | Build | Settlement |
| 18:09 | Build | Farm |
| 18:09 | Create | Villager (Male) |
| 18:11 | Create | Villager (Male) |
| 18:13 | Create | Villager (Male) |
| 18:19 | Build | Farm |
| 18:25 | Research | Wheelbarrow |
| 18:30 | Create | Archer |
| 18:32 | Create | Archer |
| 18:47 | Build | House |
| 18:59 | Build | Market |
| 19:17 | Build | Settlement |
| 19:52 | Create | Villager (Male) |
| 20:15 | Create | Archer |
| 20:15 | Create | Archer |
| 20:18 | Create | Spearman |
| 20:21 | Build | House |
| 20:23 | Build | House |
| 20:42 | Create | Archer |
| 20:48 | Create | Archer |
| 20:52 | Create | Villager (Male) |
| 20:52 | Create | Villager (Male) |
| 20:54 | Create | Villager (Male) |
| 21:13 | Build | House |
| 21:14 | Build | House |
| 21:25 | Build | House |
| 21:31 | Research | Castle Age |
| 21:31 | Research | Castle Age |
| 21:36 | Create | Archer |
| 21:50 | Build | House |
| 22:05 | Research | Gold Mining |
| 22:05 | Research | Gold Mining |
| 22:15 | Create | Archer |
| 22:15 | Create | Archer |
Match timeline
| 5:10 | BolaDeMel™ · first_building Barracks |
| 6:20 | [CL]TKREnder · wall_segment Palisade Wall x1 |
| 7:13 | [CL] Dubstepyzed · first_building Barracks |
| 7:37 | TORA · first_building Barracks |
| 8:11 | Buhr · first_building Barracks |
| 8:14 | [CL] Davidlk1412 · first_building Barracks |
| 8:18 | B.Alejandro · first_building Barracks |
| 8:45 | [CL] Dubstepyzed · age_up feudal |
| 8:46 | [CL] Dubstepyzed · first_building Archery Range |
| 9:09 | [CL]TKREnder · age_up feudal |
| 9:12 | TORA · age_up feudal |
| 9:16 | [CL]TKREnder · first_building Barracks |
| 9:18 | TORA · first_building Archery Range |
| 9:28 | [CL] Davidlk1412 · age_up feudal |
| 9:33 | [CL] Davidlk1412 · first_building Stable |
| 9:46 | Buhr · age_up feudal |
| 9:48 | Buhr · first_building Stable |
| 9:50 | TORA · wall_segment Palisade Wall x1 |
| 9:50 | BolaDeMel™ · age_up feudal |
| 9:58 | [CL] chris- · wall_segment Palisade Wall x10 |
| 10:01 | [CL]TKREnder · first_building Archery Range |
| 10:20 | [CL] Davidlk1412 · wall_segment Palisade Wall x6 |
| 10:35 | B.Alejandro · age_up feudal |
| 10:37 | B.Alejandro · first_building Archery Range |
| 11:06 | TORA · wall_segment Palisade Wall x1 |
| 11:23 | [CL] chris- · wall_segment Palisade Wall x17 |
| 11:36 | BolaDeMel™ · first_building Stable |
| 11:43 | [CL]TKREnder · wall_segment Palisade Wall x1 |
| 11:49 | [CL] chris- · age_up feudal |
| 11:58 | [CL] Dubstepyzed · wall_segment Palisade Wall x4 |
| 12:28 | Buhr · wall_segment Palisade Wall x6 |
| 12:30 | Buhr · wall_segment Palisade Wall x6 |
| 12:46 | [CL] Dubstepyzed · wall_segment Palisade Wall x2 |
| 13:26 | [CL] Dubstepyzed · wall_segment Palisade Wall x3 |
| 13:27 | [CL] Dubstepyzed · wall_segment Palisade Wall x1 |
| 14:05 | [CL] chris- · first_building Barracks |
| 14:05 | [CL] Dubstepyzed · wall_segment Palisade Wall x4 |
| 14:48 | [CL] Dubstepyzed · wall_segment Palisade Wall x1 |
| 15:04 | [CL] chris- · first_building Stable |
| 16:29 | [CL] chris- · age_up castle |
| 17:13 | [CL] Dubstepyzed · wall_segment Palisade Wall x4 |
| 17:14 | [CL] Dubstepyzed · wall_segment Palisade Wall x1 |
| 17:15 | [CL] Dubstepyzed · wall_segment Palisade Wall x4 |
| 17:23 | TORA · first_market_sell 100 wood |
| 17:34 | TORA · first_market_buy 100 food |
| 21:06 | TORA · age_up castle |
| 21:09 | BolaDeMel™ · first_market_sell 100 wood |
| 21:10 | BolaDeMel™ · first_market_buy 100 food |
| 21:18 | BolaDeMel™ · wall_segment Palisade Wall x2 |
| 21:28 | [CL] Dubstepyzed · first_market_sell 100 wood |
| 21:45 | [CL] Davidlk1412 · age_up castle |
| 22:35 | [CL]TKREnder · wall_segment Palisade Wall x19 |
| 22:44 | [CL] Davidlk1412 · wall_segment Palisade Wall x1 |
| 22:45 | [CL] Davidlk1412 · wall_segment Palisade Wall x1 |
| 23:48 | Buhr · age_up castle |
| 23:53 | BolaDeMel™ · age_up castle |
| 24:11 | [CL] Dubstepyzed · age_up castle |
| 24:58 | B.Alejandro · age_up castle |
| 25:25 | [CL] Dubstepyzed · first_building Siege Workshop |
| 25:38 | B.Alejandro · first_market_sell 100 food |
| 26:06 | Buhr · first_building Castle |
| 27:22 | [CL] Dubstepyzed · first_building Monastery |
| 27:40 | [CL] Dubstepyzed · first_market_buy 100 wood |
| 29:41 | Buhr · wall_segment Palisade Wall x1 |
| 30:22 | Buhr · wall_segment Stone Wall x1 |
| 31:18 | B.Alejandro · first_market_buy 100 stone |
| 31:24 | B.Alejandro · first_building Castle |
| 31:59 | [CL] Dubstepyzed · wall_segment Stone Wall x1 |
| 32:00 | [CL] Dubstepyzed · wall_segment Stone Wall x8 |
| 33:04 | [CL] chris- · first_market_sell 100 food |
| 33:05 | [CL] chris- · first_market_buy 100 stone |
| 33:14 | [CL] chris- · wall_segment Stone Wall x17 |
| 34:39 | [CL] Davidlk1412 · first_market_sell 100 food |
| 34:50 | B.Alejandro · wall_segment Stone Wall x1 |
| 34:53 | Buhr · first_market_sell 100 food |
| 34:59 | [CL] Davidlk1412 · first_market_buy 100 wood |
| 35:09 | [CL] Dubstepyzed · wall_segment Stone Wall x2 |
| 35:10 | [CL] Dubstepyzed · wall_segment Stone Wall x10 |
| 35:26 | [CL] Davidlk1412 · first_building Monastery |
| 35:33 | B.Alejandro · first_building Monastery |
| 36:05 | [CL] Davidlk1412 · tribute_sent a jugador 1 |
| 36:05 | [CL] Davidlk1412 · tribute_sent a jugador 3 |
| 36:05 | [CL] Davidlk1412 · tribute_sent a jugador 4 |
| 36:05 | [CL] Davidlk1412 · tribute_sent a jugador 5 |
| 36:05 | [CL] Davidlk1412 · tribute_sent a jugador 6 |
| 36:05 | [CL] Davidlk1412 · tribute_sent a jugador 7 |
| 36:05 | [CL] Davidlk1412 · tribute_sent a jugador 8 |
| 37:09 | [CL] Dubstepyzed · wall_segment Stone Wall x7 |
| 37:13 | [CL] Dubstepyzed · wall_segment Stone Wall x6 |
| 37:44 | [CL] Dubstepyzed · first_building Castle |
| 38:03 | TORA · first_building Monastery |
| 38:19 | Buhr · age_up imperial |
| 39:20 | [CL] Davidlk1412 · age_up imperial |
| 39:28 | [CL] Dubstepyzed · age_up imperial |
| 41:31 | [CL] Davidlk1412 · wall_segment Stone Wall x1 |
| 42:44 | TORA · age_up imperial |
| 44:39 | [CL] Davidlk1412 · first_building Castle |
| 45:41 | [CL] chris- · wall_segment Stone Wall x22 |
| 46:37 | [CL] Davidlk1412 · tribute_sent a jugador 1 |
| 46:37 | [CL] Davidlk1412 · tribute_sent a jugador 3 |
| 46:37 | [CL] Davidlk1412 · tribute_sent a jugador 4 |
| 46:37 | [CL] Davidlk1412 · tribute_sent a jugador 5 |
| 46:37 | [CL] Davidlk1412 · tribute_sent a jugador 6 |
| 46:37 | [CL] Davidlk1412 · tribute_sent a jugador 7 |
| 46:37 | [CL] Davidlk1412 · tribute_sent a jugador 8 |
| 47:28 | BolaDeMel™ · first_building Monastery |
| 47:50 | Buhr · first_market_buy 100 wood |
| 47:59 | [CL]TKREnder · age_up castle |
| 48:01 | [CL] chris- · wall_segment Stone Wall x8 |
| 49:57 | [CL] chris- · wall_segment Stone Wall x7 |
| 49:59 | [CL]TKREnder · first_market_buy 100 stone |
| 52:13 | BolaDeMel™ · first_building Siege Workshop |
| 53:23 | Buhr · tribute_sent a jugador 2 |
| 53:23 | Buhr · tribute_sent a jugador 3 |
| 53:23 | Buhr · tribute_sent a jugador 4 |
| 53:23 | Buhr · tribute_sent a jugador 5 |
| 53:23 | Buhr · tribute_sent a jugador 6 |
| 53:23 | Buhr · tribute_sent a jugador 7 |
| 53:23 | Buhr · tribute_sent a jugador 8 |
| 53:32 | BolaDeMel™ · age_up imperial |
| 55:19 | [CL] chris- · wall_segment Stone Wall x1 |
| 55:49 | TORA · first_building Siege Workshop |
| 55:59 | [CL] chris- · wall_segment Stone Wall x23 |
| 56:47 | B.Alejandro · age_up imperial |
| 58:12 | [CL] chris- · first_building Monastery |
| 59:14 | [CL] Dubstepyzed · tribute_sent a jugador 1 |
| 59:14 | [CL] Dubstepyzed · tribute_sent a jugador 2 |
| 59:14 | [CL] Dubstepyzed · tribute_sent a jugador 3 |
| 59:14 | [CL] Dubstepyzed · tribute_sent a jugador 4 |
| 59:14 | [CL] Dubstepyzed · tribute_sent a jugador 5 |
| 59:14 | [CL] Dubstepyzed · tribute_sent a jugador 6 |
| 59:14 | [CL] Dubstepyzed · tribute_sent a jugador 7 |
| 60:33 | [CL]TKREnder · first_building Monastery |
| 60:59 | Buhr · tribute_sent a jugador 2 |
| 60:59 | Buhr · tribute_sent a jugador 3 |
| 60:59 | Buhr · tribute_sent a jugador 4 |
| 60:59 | Buhr · tribute_sent a jugador 5 |
| 60:59 | Buhr · tribute_sent a jugador 6 |
| 60:59 | Buhr · tribute_sent a jugador 7 |
| 60:59 | Buhr · tribute_sent a jugador 8 |
| 61:10 | [CL] chris- · first_building Castle |
| 61:56 | [CL] chris- · age_up imperial |
| 62:15 | [CL] Dubstepyzed · wall_segment Stone Wall x1 |
| 62:24 | [CL] Dubstepyzed · wall_segment Palisade Wall x1 |
| 62:39 | TORA · first_building Castle |
| 64:16 | Buhr · first_building Siege Workshop |
| 64:36 | [CL] Davidlk1412 · resign |
[ AI ANALYSIS · 1 CREDIT ]
What really happened in this match?
Wolo.gg analyzes every decision: build order, eco, micro, common mistakes by bracket. Personalized analysis on WhatsApp or Discord in 30 seconds.
Civ guide
Maya
Map guide
Fortified Clearing
Perfil
B.Alejandro